 Dungeon Crawl Stone Soup version 0.21.0-24-g2553a33 (webtiles) character file.

16 Monsterracer the Grasshopper (level 2, 0/13 HPs)
             Began as a Felid Warper on Jan 21, 2018.
             Slain by a kobold
             ... wielding a +0 short sword
              (4 damage)
             ... on level 1 of the Dungeon.
             The game lasted 00:00:37 (346 turns).

Monsterracer the Grasshopper (Felid Warper)          Turns: 346, Time: 00:00:38

Health: 0/13       AC:  1    Str:  7    XL:     2   Next: 41%
Magic:  6/6        EV: 18    Int: 14    God:
Gold:   55         SH:  0    Dex: 15    Spells: 5/5 levels left
                                        Lives:  0   Deaths: 0

rFire    . . .     SeeInvis +     - Unarmed
rCold    . . .     Gourm    .   (shield unavailable)
rNeg     . . .     Faith    .   (armour unavailable)
rPois    .         Spirit   .   (helmet unavailable)
rElec    .         Reflect  .   (cloak unavailable)
rCorr    .         Harm     .   (gloves unavailable)
MR       .....     Rnd*Tele +   (boots unavailable)
Stlth    ++........             (no amulet)
HPRegen  0.04/turn              j - ring of teleportation (curse)
MPRegen  0.10/turn              (no ring)

@: quick
A: very small, no armour, no weapons or thrown items, stealth, claws 1, fangs 3,
see invisible, carnivore, speed 1, shaggy fur 1, slow metabolism 1, sharp paws
a: no special abilities


You were on level 1 of the Dungeon.
You were completely stuffed.

You visited 1 branch of the dungeon, and saw 1 of its levels.

You collected 55 gold pieces.

Inventory:

Armour
 g - a cursed +0 ring mail
Jewellery
 j - a cursed ring of teleportation (left paw)
Scrolls
 b - a scroll of blinking
 d - a scroll of amnesia {unknown}
 e - a scroll of identify {unknown}
 h - 2 scrolls of magic mapping {unknown}
 i - a scroll of teleportation {unknown}
Books
 a - a book of Spatial Translocations

   Spells                             Type                      Level
   a - Blink                          Translocation                2
   b - Shroud of Golubria             Charms/Translocation         2
   c - Lesser Beckoning               Translocation                3
   d - Gell's Gravitas                Translocation                3
   e - Teleport Other                 Translocation                3
   f - Passage of Golubria            Translocation                4
Comestibles
 c - 3 rations
 f - 2 chunks of flesh


   Skills:
 - Level 2.0 Fighting
 - Level 3.2 Dodging
 + Level 3.1 Unarmed Combat
 - Level 2.0 Spellcasting
   Level 4.4 Translocations


You had 5 spell levels left.
You didn't know any spells.

Dungeon Overview and Level Annotations

Branches:
Dungeon (1/15)

Altars:


Innate Abilities, Weirdness & Mutations

You cannot wear armour.
You are incapable of wielding weapons or throwing items.
Your paws allow you to move quietly. (Stealth)
You have sharp claws.
You have razor-sharp teeth.
You have supernaturally acute eyesight. (SInv)
You are carnivorous and can eat meat at any time.
You cover ground quickly.
You are covered in fur. (AC +1)
You have a slow metabolism.
Your sharp claws are effective at attacking unaware monsters.


Message History

c - 2 rations (gained 1)
h - 2 scrolls labeled OKLANE ORUU (gained 1)
c - 3 rations (gained 1)
You see here a club.
You enter the shallow water.
Moving in this stuff is going to be slow.
You see here a club.
Key pressed, stopping explore.
No target in view!
There is a stone staircase leading down here.
Key pressed, stopping explore.
No target in view!
Key pressed, stopping explore.
No target in view!
Key pressed, stopping explore.
No target in view!
A rat comes into view.
A frilled lizard comes into view.
The frilled lizard hisses angrily.
You hear a shout!
A goblin comes into view. It is wielding a club.
There are monsters nearby!
There are monsters nearby!
Found 4 gold pieces.
There are monsters nearby!
You barely miss the rat. The rat barely misses you.
You scratch the rat.
You kill the rat!
You scratch the frilled lizard but do no damage.
The frilled lizard closely misses you.
You closely miss the frilled lizard. Your bite misses the frilled lizard.
The frilled lizard misses you.
You scratch the frilled lizard.
You kill the frilled lizard!
You scratch the goblin.
You kill the goblin!
No target in view!
No target in view!
No target in view!
No target in view!
You see here a club.
You now have 23 gold pieces (gained 4).
You now have 41 gold pieces (gained 18).
i - a scroll labeled BUHUCK NIYCKO
j - a small silver ring No target in view!
No target in view!
A dart slug comes into view.
A dart slug is nearby!
Put on which piece of jewellery? (? for menu, Esc to quit)
You feel slightly jumpy.
Oops, that ring feels deathly cold.
j - a cursed ring of teleportation (left paw)
You see here 14 gold pieces.
You scratch the dart slug.
The dart slug is heavily wounded.
You scratch the dart slug but do no damage.
The dart slug is heavily wounded.
The dart slug closely misses you.
You scratch the dart slug.
The dart slug is almost dead.
The dart slug closely misses you.
You scratch the dart slug.
You kill the dart slug!
Your Unarmed Combat skill increases to level 3!
You now have 55 gold pieces (gained 14).
A goblin comes into view.
The goblin shouts!
You hear a shout!
A goblin is nearby!
A kobold comes into view. It is wielding a short sword.
A giant cockroach comes into view.
There are monsters nearby!
The kobold shouts!
Found a spear.
Found an escape hatch in the floor.
Found a fizzy orange potion.
There are monsters nearby!
You scratch the goblin.
You kill the goblin!
The giant cockroach bites you but does no damage.
The kobold hits you with a short sword.
You see here a goblin corpse.
You take 2 damage, and have 11/13 hp.
You barely miss the giant cockroach. The giant cockroach closely misses you.
The kobold hits you with a short sword!
Ouch! That really hurt!
* * * LOW HITPOINT WARNING * * *
You take 7 damage, and have 4/13 hp.
MASSIVE DAMAGE!!
You closely miss the giant cockroach. Your bite misses the giant cockroach.
The giant cockroach closely misses you.
You barely miss the giant cockroach. You bite the giant cockroach.
The giant cockroach is moderately wounded.
The giant cockroach closely misses you. The giant cockroach misses you.
You scratch the giant cockroach.
You kill the giant cockroach!
You closely miss the kobold. The kobold misses you.
You scratch the kobold.
The kobold is heavily wounded.
The kobold completely misses you.
You scratch the kobold but do no damage.
The kobold is heavily wounded.
The kobold hits you with a short sword.
You die...

#..#####.#
####.########
#.##.[...### ##....#
#....##....###....##
#....##........#.##
#..........##....#
#....##....##.####
......##....##.##
###...###....##..#
#.#.. .....###@#
..#####....###K######
.....#........#
#.....†....)..#
##.............
#.............
................
###.#..........>
#.##.........#


You could see a kobold.

Vanquished Creatures
  A dart slug (D:1)
  A bat (D:1)
  A giant cockroach (D:1)
  2 goblins (D:1)
  2 hobgoblins (D:1)
  A kobold (D:1)
  2 frilled lizards (D:1)
  4 rats (D:1)
14 creatures vanquished.

Notes
Turn   | Place    | Note
-------+----------+-------------------------------------------
     0 | D:1      | Monsterracer the Felid Warper began the quest for the Orb.
     0 | D:1      | Reached XP level 1. HP: 9/9 MP: 4/4
   201 | D:1      | Reached XP level 2. HP: 13/13 MP: 6/6
   337 | D:1      | HP: 4/13 [kobold/short sword (7)]
   346 | D:1      | Slain by a kobold

Skill      XL: |  1  2 |
---------------+-------+-----
Unarmed Combat | 3 |  3.1
Fighting       | |  2.0
Dodging        | |  3.2
Spellcasting   | |  2.0
Translocations | |  4.4

Action                   || total
-------------------------++-------
Melee: Unarmed           ||    41
       Bite              ||     1
 Stab: Sleeping          ||     1
  Eat: Chunk             ||     6
Armor: Skin              ||     4
Dodge: Dodged            ||    26

Vault maps used:
D:1:      giann_wishing_wells, minmay_crystal_water
